 Dungeon Crawl Stone Soup version 0.26-a0-519-gb2f46efeda (webtiles) character file.

Game seed: 8388524642426711017

175087 Monka the Wrestler (level 17, -68/170 HPs)
             Began as a Troll Fighter on Aug 9, 2020.
             Was the Champion of Okawaru.
             Killed from afar by a deep elf annihilator (89 damage)
             ... with a crystal spear
             ... on level 3 of the Elven Halls on Aug 10, 2020.
             The game lasted 01:08:59 (28988 turns).

Monka the Wrestler (Troll Fighter)                 Turns: 28988, Time: 01:09:00

Health: -68/170    AC: 21    Str: 37    XL:     17   Next: 46%
Magic:  24/26      EV: 12    Int:  4    God:    Okawaru [******]
Gold:   1462       SH: 16    Dex:  9    Spells: 11/16 levels left

rFire    + + .     SeeInvis .     - Unarmed
rCold    + + .     Faith    +   b - +1 kite shield {rC+ rF+}
rNeg     . . .     Spirit   .   F - +1 swamp dragon scales
rPois    +         Reflect  .   X - +2 hat
rElec    +         Harm     .   k - +1 cloak of Okawaru's Whim {*Corrode *Drain rElec rF++}
rCorr    .                      (gloves unavailable)
MR       ++...                  (boots unavailable)
Stlth    ++........             v - amulet of faith
HPRegen  0.78/turn              W - +4 ring of protection
MPRegen  0.20/turn              M - ring of the Establishment {rF- rC+ MR+ Str+4}

@: lethally poisoned (-68 -> -69), heroism, finesse, studying Invocations
A: large, unfitting armour, claws 3, regeneration 1, shaggy fur 1, tough skin 3
a: Heroism, Finesse, Renounce Religion


You were on level 3 of the Elven Halls.
You worshipped Okawaru.
Okawaru was exalted by your worship.
You visited 5 branches of the dungeon, and saw 27 of its levels.
You visited 1 bazaar.
You also visited: Bailey and Ice Cave.

You collected 3010 gold pieces.
You spent 1548 gold pieces at shops.

Inventory:

Hand Weapons
 a - the +9 hunting sling of Modyrups {vorpal, rPois MR+}
   (You found it on level 6 of the Lair of Beasts)

   Any stone fired from it inflicts extra damage.
   It protects you from poison.
   It affects your resistance to hostile enchantments.
Missiles
 J - 3 throwing nets
 L - 136 stones
 U - 21 javelins (quivered)
Armour
 b - a +1 kite shield of resistance (worn)
 k - the +1 cloak of Okawaru's Whim (worn) {*Corrode *Drain rElec rF++}
   (Okawaru gifted it to you on level 6 of the Lair of Beasts)

   It greatly protects you from fire.
   It insulates you from electricity.
   It may corrode you when you take damage.
   It causes draining when unequipped.
 y - a +0 tower shield
 B - a +0 hat of see invisible
 F - +1 swamp dragon scales (worn)
 X - a +2 hat (worn)
Jewellery
 g - an uncursed ring of protection from cold
 l - the amulet of Qohaonte {Faith Str+3 Stlth+}
   (You found it on level 14 of the Dungeon)

   [amulet of faith]

   It allows you to gain divine favour quickly.
   It affects your strength (+3).
   It makes you more stealthy.
 q - an uncursed amulet of regeneration
 v - an amulet of faith (around neck)
 A - an uncursed ring of positive energy
 M - the ring of the Establishment (right claw) {rF- rC+ MR+ Str+4}
   (You took it off a death knight on level 10 of the Dungeon)

   [ring of protection from cold]

   It affects your strength (+4).
   It makes you vulnerable to fire.
   It protects you from cold.
   It affects your resistance to hostile enchantments.
 W - a +4 ring of protection (left claw)
Wands
 x - a wand of paralysis (8)
 C - a wand of disintegration (13)
 O - a wand of flame (49)
 T - a wand of digging (2)
 V - a wand of iceblast (11)
Scrolls
 f - a scroll of torment
 h - 4 scrolls of fear
 i - 9 scrolls of teleportation
 m - 8 scrolls of enchant weapon
 p - 2 scrolls of blinking
 r - 10 scrolls of remove curse
 u - 4 scrolls of magic mapping
 z - 2 scrolls of vulnerability
 E - 2 scrolls of fog
 G - 2 scrolls of enchant armour {unknown}
 H - 4 scrolls of immolation {unknown}
 K - 5 scrolls of random uselessness {unknown}
 P - 4 scrolls of summoning
 Y - 3 scrolls of brand weapon
Potions
 c - 10 potions of might
 d - 9 potions of flight
 e - 14 potions of curing
 j - 2 potions of invisibility
 o - 2 potions of lignification
 s - 3 potions of berserk rage
 t - 5 potions of haste
 w - 6 potions of heal wounds
 I - 5 potions of resistance
 Q - 10 potions of ambrosia
 R - a potion of cancellation {unknown}
 Z - 4 potions of mutation
Books
 D - a manual of Invocations
Miscellaneous
 S - a phial of floods


   Skills:
 - Level 11.4(16.4) Fighting
 - Level 2.4(7.4) Dodging
 * Level 11.2(16.2) Shields
 - Level 21.7(26.7) Unarmed Combat
 + Level 13.8 Invocations


You had 11 spell levels left.
You knew the following spells:

 Your Spells              Type           Power        Failure   Level
a - Confusing Touch       Hex            #.......     92%         3
b - Blink                 Tloc           N/A          75%         2

Your spell library contained the following spells:

 Spells                   Type           Power        Failure   Level
 Beastly Appendage        Tmut           #.....       58%         1
 Corona                   Hex            #......      58%         1
 Foxfire                  Conj/Fire      #...         58%         1
 Magic Dart               Conj           #...         58%         1
 Summon Small Mammal      Summ           #...         58%         1
 Call Imp                 Summ           #.......     75%         2
 Ensorcelled Hibernation  Hex/Ice        #.....       75%         2
 Passwall                 Tmut/Erth      #.......     75%         2
 Slow                     Hex            #.......     75%         2
 Swiftness                Air            #.......     75%         2
 Wereblood                Tmut           #.......     75%         2
 Call Canine Familiar     Summ           #.......     92%         3
 Conjure Flame            Conj/Fire      #.......     92%         3
 Dazzling Flash           Conj/Hex       #.....       92%         3
 Gell's Gravitas          Tloc           #.........   92%         3
 Inner Flame              Hex/Fire       #.......     92%         3
 Mephitic Cloud           Conj/Pois/Air  #.......     92%         3
 Spider Form              Tmut/Pois      #.........   92%         3
 Summon Guardian Golem    Hex/Summ       #.......     92%         3
 Tukima's Dance           Hex            #.......     92%         3
 Cause Fear               Hex            #.........   100%        4
 Ice Form                 Ice/Tmut       #.......     100%        4
 Passage of Golubria      Tloc           N/A          100%        4
 Petrify                  Tmut/Erth      #.......     100%        4
 Sticky Flame             Conj/Fire      #.......     100%        4
 Summon Ice Beast         Ice/Summ       #.......     100%        4
 Summon Lightning Spire   Summ/Air       #.......     100%        4
 Blade Hands              Tmut           #.........   100%        5
 Fireball                 Conj/Fire      #.........   100%        5
 Lee's Rapid Deconstruct  Erth           #.........   100%        5
 Metabolic Englaciation   Hex/Ice        #.........   100%        5
 Silence                  Hex/Air        #.........   100%        5
 Yara's Violent Unravell  Hex/Tmut       #.........   100%        5
 Conjure Ball Lightning   Conj/Air       #.........   100%        6
 Freezing Cloud           Conj/Ice/Air   #.........   100%        6
 Invisibility             Hex            #.......     100%        6
 Ozocubu's Refrigeration  Ice            #.........   100%        6
 Simulacrum               Ice/Necr       #.........   100%        6
 Discord                  Hex            #.........   100%        8
 Tornado                  Air            #.........   100%        9


Dungeon Overview and Level Annotations

Branches:
Dungeon (15/15)            Temple (1/1) D:5            Lair (6/6) D:9
 Shoals (0/4) Lair:4       Spider (0/4) Lair:3        Slime (0/5) Lair:6
    Orc (2/2) D:12            Elf (3/3) Orc:2        Vaults (0/5) D:14
 Depths (0/5) D:15         Bailey (visited)           IceCv (visited)

Altars:
Dithmenos
Elyvilon
Fedhas
Gozag
Hepliaklqana
Okawaru
Qazlal
Sif Muna
Trog
Uskayaw
Vehumet
Yredelemnul
Zin
The Shining One
Jiyva

Shops:
D:5 [   D:12 (   Orc:2 *:(?   Elf:1 =}}?

Annotations:
D:5 1 runed translucent door
Lair:5 1 runed translucent door
Lair:6 exclusion: 4 oklob plants
Elf:2 4 runed translucent doors
Elf:3 2 transporters, ZangPog's ghost, adept DsGl


Innate Abilities, Weirdness & Mutations

You are too large for most types of armour.
You have claws for hands.
Your natural rate of healing is unusually fast.
You are covered in fur. (AC +1)
You have extremely tough skin. (AC +3)


Message History

The deep elf annihilator points at you and mumbles some strange words.
The poison arrow hits you but does no damage.
You are poisoned.
You are too injured to fight recklessly!
As you read the scroll of fog, it crumbles to dust.
The scroll dissolves into smoke.
You feel sick.
You feel sick.
The deep elf annihilator hits you but does no damage.
Things that are here:
a +0 battleaxe; the +3 scale mail "Coscheleo" {rPois rF+ Str+7} Unknown command.
You barely miss the deep elf annihilator.
You claw the deep elf annihilator!
The deep elf annihilator is lightly wounded.
You closely miss the deep elf annihilator.
The deep elf annihilator is lightly wounded.
The deep elf annihilator casts a spell at you.
The crystal spear hits you!!!!
Ouch! That really hurt!
You die...

#)))..#,,,,* *,,,,*,,*,*
.#(...##,,,** **,,,**,,*,*
###....#,,,,****,,,,*..*#.#
.#)....#,,,,,,,,,,,,#..#..#
.##....##,,,,,,,,,,,..#..#*
..##....#,,,,,,,,,,......#
..###...#,,,,,,###§......#
....##..#,,,####§e§#....#*
....#...#####§§§@§##)...#
.............§§§###(e(.#*
##...........§###(().###
####.........)(((####
###############


You could see a deep elf annihilator (empowered).

Vanquished Creatures
  2 deep elf blademasters (Elf:3)
  A deep elf master archer (Elf:3)
  3 deep elf sorcerers (Elf:3)
  A frost giant (IceCv)
  Louise (Elf:1)
  5 deep elf elementalists
  A stone giant (D:10)
  2 deep elf annihilators (Elf:3)
  2 deep elf demonologists (Elf:3)
  Azrael (Elf:1)
  An ettin (Orc:1)
  4 deep elf death magi (Elf:3)
  A fire dragon (Lair:6)
  5 slime creatures
  5 deep elf high priests
  Fannar (Orc:1)
  Harold (Lair:1)
  2 vault guards (D:14)
  6 hydras
  21 two-headed ogres
  A death knight (D:10)
  Erolcha (D:11)
  Erica (D:9)
  A centaur warrior (D:15)
  14 dancing weapons
  A tengu warrior (D:15)
  3 death yaks (D:9)
  4 ogre magi (Orc:2)
  Urug (D:12)
  16 deep elf knights
  A small abomination (Elf:3)
  3 unseen horrors
  2 wizards (D:14)
  10 deep elf archers
  Pikel (D:7)
  A glowing orange brain (D:15)
  A lindwurm (Lair:6)
  3 orc knights
  5 orc sorcerers
  A mana viper (shapeshifter) (D:15)
  3 cyclopes
  47 deep elf magi
  3 manticores
  9 ugly things
  6 black mambas
  9 elephants (Lair:5)
  3 molten gargoyles (Lair:6)
  3 centaur skeletons
  An ice statue (IceCv)
  5 gargoyles
  A cane toad (shapeshifter) (D:15)
  Maggie (D:8)
  A kobold demonologist (D:15)
  8 cane toads
  8 komodo dragons
  2 rime drakes
  A komodo dragon (shapeshifter) (D:15)
  A troll (shapeshifter) (D:13)
  21 polar bears
  3 trolls
  A queen bee (D:11)
  2 hornets
  Grinder (D:6)
  11 hippogriffs
  20 blink frogs
  A spriggan (Lair:3)
  A shadow (D:13)
  A tarantella (shapeshifter) (D:15)
  A vampire (D:15)
  An air elemental (Elf:1)
  4 water elementals
  8 wraiths
  52 yaks
  8 basilisks
  A human (D:14)
  10 wyverns
  3 fire elementals
  4 steam dragons
  7 vampire mosquitoes
  Edmund (D:6)
  2 wargs
  7 water moccasins
  Duvessa (D:7)
  4 porcupines
  8 hell hounds
  3 soldier ants
  7 sky beasts
  A hornet zombie (D:9)
  18 orc warriors
  16 ice beasts
  3 black bears
  4 phantoms
  A necrophage (D:15)
  5 boggarts
  2 eyes of draining
  32 ogres
  22 wolves
  4 centaurs
  2 lemures (D:7)
  14 crocodiles
  15 bullfrogs
  Blork the orc (D:6)
  7 big kobolds
  Dowan (D:7)
  6 scorpions
  A water moccasin skeleton (D:8)
  2 wyvern skeletons
  32 killer bees
  2 wights
  An electric eel (Elf:3)
  4 howler monkeys
  2 bullfrog zombies
  2 quasits
  5 lava snakes (Lair:6)
  3 bullfrog skeletons
  4 jellies
  Crazy Yiuf (D:7)
  5 human zombies (D:15)
  3 centaur zombies
  19 orc priests
  A gnoll shaman (D:9)
  26 orc wizards
  6 hounds
  16 worker ants
  3 iguanas
  2 hell rats (D:9)
  A killer bee zombie (D:6)
  An ogre zombie (D:15)
  3 howler monkey zombies
  3 mummies (D:15)
  2 worker ant zombies (D:10)
  11 adders
  11 gnolls
  A shadow imp (D:6)
  A white imp (D:5)
  An ufetubus (D:6)
  3 adder zombies
  An ooze (D:6)
  2 worms
  4 dart slugs
  6 leopard geckos
  59 orcs
  2 giant cockroaches
  7 goblins
  8 hobgoblins
  3 jackals
  22 kobolds
  8 quokkas
  6 bats
  5 frilled lizards
  A jackal skeleton (D:6)
  7 rats
  A fungus (Lair:5)
917 creatures vanquished.

Vanquished Creatures (others)
  A wolf (IceCv)
  An orc (D:15)
  A bush (Lair:4)
  9 fungi
  16 plants
28 creatures vanquished.

Grand Total: 945 creatures vanquished

Notes
Turn   | Place    | Note
-------+----------+-------------------------------------------
     0 | D:1      | Monka the Troll Fighter began the quest for the Orb.
     0 | D:1      | Reached XP level 1. HP: 22/22 MP: 0/0
    86 | D:1      | Reached XP level 2. HP: 28/29 MP: 1/1
   281 | D:1      | Reached skill level 3 in Unarmed Combat
   861 | D:2      | Reached XP level 3. HP: 35/36 MP: 2/2
  1157 | D:2      | Reached skill level 4 in Unarmed Combat
  1568 | D:3      | Reached XP level 4. HP: 42/44 MP: 3/3
  1884 | D:4      | Noticed an ogre
  1897 | D:4      | Killed an ogre
  1897 | D:4      | Reached skill level 5 in Unarmed Combat
  1897 | D:4      | Reached XP level 5. HP: 47/50 MP: 4/4
  1941 | D:4      | Noticed an ogre
  1972 | D:4      | Killed an ogre
  1972 | D:4      | Reached skill level 6 in Unarmed Combat
  2033 | D:4      | Reached XP level 6. HP: 59/59 MP: 5/5
  2484 | D:5      | Entered Level 5 of the Dungeon
  2586 | D:5      | Reached skill level 7 in Unarmed Combat
  2586 | D:5      | Reached XP level 7. HP: 63/66 MP: 6/6
  2660 | D:5      | Found a runed translucent door.
  2661 | D:5      | Found a runed translucent door.
  2734 | D:5      | Found Epacacvi's Antique Armour Boutique.
  2860 | D:5      | Found a staircase to the Ecumenical Temple.
  2934 | Temple   | Entered the Ecumenical Temple
  3023 | Temple   | Became a worshipper of Warmaster Okawaru
  3323 | D:6      | Reached skill level 8 in Unarmed Combat
  3360 | D:6      | Noticed Blork the orc
  3368 | D:6      | Killed Blork the orc
  3411 | D:6      | Reached * piety under Okawaru
  3411 | D:6      | Reached XP level 8. HP: 53/74 MP: 7/7
  3565 | D:6      | Found a hazy altar of Hepliaklqana.
  3566 | D:6      | Found a white marble altar of Elyvilon.
  3566 | D:6      | Found a stormy altar of Qazlal.
  3567 | D:6      | Found a glowing silver altar of Zin.
  3663 | D:6      | Reached skill level 9 in Unarmed Combat
  3808 | D:6      | Reached skill level 5 in Shields
  3881 | D:6      | Noticed Grinder
  3905 | D:6      | Killed Grinder
  3905 | D:6      | Reached ** piety under Okawaru
  3905 | D:6      | Reached skill level 10 in Unarmed Combat
  4097 | D:6      | Noticed Edmund
  4105 | D:6      | Killed Edmund
  4324 | D:7      | Reached skill level 1 in Invocations
  4324 | D:7      | Reached XP level 9. HP: 49/80 MP: 8/8
  4387 | D:7      | Noticed Pikel
  4399 | D:7      | Killed Pikel
  4399 | D:7      | Reached *** piety under Okawaru
  4621 | D:7      | Noticed a troll
  4623 | D:7      | Killed a troll
  4623 | D:7      | Reached skill level 11 in Unarmed Combat
  4641 | D:7      | Reached **** piety under Okawaru
  4783 | D:7      | Noticed Dowan
  4784 | D:7      | Noticed Duvessa
  4795 | D:7      | Killed Duvessa
  4816 | D:7      | Killed Dowan
  5096 | D:7      | Found a runed translucent door.
  5097 | D:7      | Noticed Crazy Yiuf
  5141 | D:7      | Killed Crazy Yiuf
  5439 | D:8      | Received a gift from Okawaru
  5449 | D:8      | Reached XP level 10. HP: 77/88 MP: 11/11
  5618 | D:8      | Noticed Maggie
  5628 | D:8      | Killed Maggie
  6090 | D:8      | Found a bloodstained altar of Trog.
  6325 | D:9      | Noticed Erica
  6337 | D:9      | Killed Erica
  6337 | D:9      | Reached skill level 12 in Unarmed Combat
  6410 | D:9      | Noticed a death yak
  6416 | D:9      | Noticed a death yak
  6417 | D:9      | Noticed a death yak
  6425 | D:9      | Found a staircase to the Lair.
  6485 | D:9      | Killed a death yak
  6485 | D:9      | Reached ***** piety under Okawaru
  6494 | D:9      | Killed a death yak
  6494 | D:9      | Reached skill level 5 in Invocations
  6543 | D:9      | Killed a death yak
  6543 | D:9      | Reached skill level 13 in Unarmed Combat
  6822 | D:9      | Noticed a two-headed ogre
  6844 | D:9      | Killed a two-headed ogre
  6844 | D:9      | Reached XP level 11. HP: 68/94 MP: 13/13
  7067 | D:10     | Entered Level 10 of the Dungeon
  7114 | D:10     | Found the +8 trident of the Octopus King {venom, rElec
                  | rPois MR+}
  7370 | D:10     | Received a gift from Okawaru
  7607 | D:10     | Noticed a two-headed ogre
  7607 | D:10     | Noticed a stone giant
  7607 | D:10     | Noticed a two-headed ogre
  7666 | D:10     | Killed a stone giant
  7674 | D:10     | Killed a two-headed ogre
  7780 | D:10     | Killed a two-headed ogre
  7780 | D:10     | Reached skill level 14 in Unarmed Combat
  7867 | D:10     | Identified the ring of the Establishment {rF- rC+ MR+
                  | Str+4}
  7867 | D:10     | Noticed a death knight
  7898 | D:10     | Killed a death knight
  8156 | D:11     | Killed an unseen horror
  8642 | D:11     | Received a gift from Okawaru
  8694 | D:11     | Reached XP level 12. HP: 33/104 MP: 14/16
  8947 | D:11     | Noticed Erolcha
  8956 | D:11     | Killed Erolcha
  9396 | D:12     | Received a gift from Okawaru
  9396 | D:12     | Reached skill level 15 in Unarmed Combat
  9441 | D:12     | Found a staircase to the Orcish Mines.
  9442 | D:12     | Found Atsoceit's Weapon Shoppe.
  9750 | D:12     | Noticed Urug
  9762 | D:12     | Killed Urug
 10336 | D:13     | Identified a scroll of acquirement
 10413 | D:13     | Found a flagged portal.
 10419 | D:13     | Acquired a manual of Invocations
 10428 | Bailey   | Entered a bailey
 10452 | D:13     | Noticed a seven-headed hydra
 10493 | D:13     | Received a gift from Okawaru
 10710 | D:13     | Found the +5 scythe "Finisher" {speed, eviscerate}
 10776 | D:12     | Upgraded the game from 0.26-a0-505-g732bf3b8d2 to
                  | 0.26-a0-519-gb2f46efeda
 11236 | Lair:1   | Entered Level 1 of the Lair of Beasts
 11236 | Lair:1   | Noticed Harold
 11246 | Lair:1   | Killed Harold
 11260 | Lair:1   | Noticed an eight-headed hydra
 11555 | Lair:1   | Received a gift from Okawaru
 11821 | Lair:1   | Reached skill level 16 in Unarmed Combat
 11955 | Lair:1   | Reached XP level 13. HP: 117/117 MP: 18/18
 12726 | Lair:2   | Reached skill level 5 in Fighting
 13468 | Lair:3   | Found a hole to the Spider Nest.
 14044 | Lair:4   | Found a staircase to the Shoals.
 14144 | Lair:4   | Reached skill level 10 in Invocations
 14291 | Lair:4   | Reached ****** piety under Okawaru
 14686 | Lair:4   | Received a gift from Okawaru
 15374 | Lair:5   | Found a frozen archway.
 15453 | IceCv    | Entered an ice cave
 15572 | IceCv    | Reached skill level 17 in Unarmed Combat
 15936 | IceCv    | Received a gift from Okawaru
 16038 | IceCv    | Noticed a frost giant
 16048 | IceCv    | Killed a frost giant
 16053 | IceCv    | Reached XP level 14. HP: 103/131 MP: 14/21
 17124 | Lair:5   | Found a runed translucent door.
 17803 | Lair:6   | Entered Level 6 of the Lair of Beasts
 18077 | Lair:6   | Reached skill level 18 in Unarmed Combat
 18271 | Lair:6   | Found a viscous altar of Jiyva.
 18271 | Lair:6   | Found a staircase to the Slime Pits.
 18370 | Lair:6   | Received a gift from Okawaru
 18373 | Lair:6   | Got a brightly glowing cloak {god gift}
 18397 | Lair:6   | Identified the +1 cloak of Okawaru's Whim {*Corrode *Drain
                  | rElec rF++} (Okawaru gifted it to you on level 6 of the
                  | Lair of Beasts)
 18792 | Lair:6   | Found a large runed translucent door.
 18890 | Lair:6   | Found a large runed translucent door.
 19472 | Lair:6   | Got a crude hunting sling
 19475 | Lair:6   | Identified the +9 hunting sling of Modyrups {vorpal, rPois
                  | MR+} (You found it on level 6 of the Lair of Beasts)
 19800 | D:12     | Bought 20 stones for 26 gold pieces
 19830 | Orc:1    | Entered Level 1 of the Orcish Mines
 19833 | Orc:1    | Noticed Fannar
 19874 | Orc:1    | Killed Fannar
 19992 | Orc:2    | Entered Level 2 of the Orcish Mines
 20201 | Orc:2    | Found a staircase to the Elven Halls.
 20313 | Orc:2    | Reached skill level 19 in Unarmed Combat
 20315 | Orc:2    | Reached XP level 15. HP: 119/145 MP: 23/23
 20327 | Orc:2    | Received a gift from Okawaru
 20725 | Orc:2    | Found Meaxt's Magic Scroll Shoppe.
 20725 | Orc:2    | Found Vexisyfu's Book Shop.
 20725 | Orc:2    | Found Koiliraiv's Antique Weapon Shop.
 20725 | Orc:2    | Found Epaw's Assorted Antiques.
 20731 | Orc:2    | Bought a scroll of teleportation for 33 gold pieces
 20735 | Orc:2    | Bought a potion of haste for 330 gold pieces
 20737 | Orc:2    | Bought a scroll of summoning for 104 gold pieces
 20737 | Orc:2    | Bought a scroll of summoning for 104 gold pieces
 22179 | D:13     | Received a gift from Okawaru
 23075 | D:14     | Reached skill level 20 in Unarmed Combat
 23203 | D:14     | Got a fine brass amulet
 23629 | D:14     | Found a gate to the Vaults.
 23763 | D:15     | Entered Level 15 of the Dungeon
 23772 | D:15     | Received a gift from Okawaru
 23917 | D:15     | Reached skill level 10 in Fighting
 24034 | D:15     | Learned a level 3 spell: Confusing Touch
 24537 | D:15     | Found a staircase to the Depths.
 24792 | D:15     | Found a basalt altar of Yredelemnul.
 25028 | Elf:1    | Entered Level 1 of the Elven Halls
 25043 | Elf:1    | Reached XP level 16. HP: 156/159 MP: 24/24
 25053 | Elf:1    | Received a gift from Okawaru
 25127 | Elf:1    | Found Duered's Magic Scroll Emporium.
 25235 | Elf:1    | Bought a scroll of blinking for 135 gold pieces
 25235 | Elf:1    | Bought a scroll of blinking for 135 gold pieces
 25264 | Elf:1    | Identified the amulet of Qohaonte {Faith Str+3 Stlth+} (You
                  | found it on level 14 of the Dungeon)
 25294 | Elf:1    | Noticed Louise
 25296 | Elf:1    | Identified the +4 hand axe of Reasonable Forgiveness
                  | {flame, rF+ SInv}
 25306 | Elf:1    | Killed Louise
 25370 | Elf:1    | Found Gyfiun's Gadget Shoppe.
 25371 | Elf:1    | Found Paulap's Jewellery Boutique.
 25372 | Elf:1    | Found Gofij's Gadget Shoppe.
 25410 | Elf:1    | Found a shimmering blue altar of Sif Muna.
 25426 | Elf:1    | Noticed Azrael
 25462 | Elf:1    | Killed Azrael
 25696 | Elf:1    | Reached skill level 21 in Unarmed Combat
 26308 | Elf:2    | Received a gift from Okawaru
 26517 | Elf:2    | Found a large runed translucent door.
 26517 | Elf:2    | Found a large runed translucent door.
 26557 | Elf:2    | Found a large runed translucent door.
 26557 | Elf:2    | Found a large runed translucent door.
 27088 | Elf:3    | Entered Level 3 of the Elven Halls
 27092 | Elf:3    | Received a gift from Okawaru
 27186 | Elf:3    | Received a gift from Okawaru
 27218 | Elf:3    | Found a flickering gateway to a bazaar.
 27227 | Bazaar   | Entered a bazaar
 27250 | Bazaar   | Found Erghuug's Book Emporium.
 27265 | Bazaar   | Found Judaul's Assorted Antiques.
 27280 | Bazaar   | Found Mownaf's Armour Shoppe.
 27280 | Bazaar   | Found Weajit's Book Emporium.
 27322 | Bazaar   | Bought a +1 kite shield of resistance for 401 gold pieces
 27389 | Bazaar   | Bought a book of Minor Magic for 280 gold pieces
 27392 | Bazaar   | Learned a level 2 spell: Blink
 27612 | Elf:3    | Found a transporter.
 27615 | Elf:3    | Noticed ZangPog's ghost (adept DsGl)
 27645 | Elf:3    | Found a transporter.
 28065 | Elf:3    | Noticed a Tzitzimitl
 28068 | Elf:3    | Noticed a Tzitzimitl
 28077 | Elf:3    | Reached XP level 17. HP: 38/170 MP: 25/25
 28170 | Elf:3    | Received a gift from Okawaru
 28365 | Elf:3    | Reached skill level 10 in Shields
 28402 | Elf:3    | HP: 8/170 [deep elf knight/arrow (6)]
 28634 | Elf:3    | Noticed a deep elf master archer
 28643 | Elf:3    | Killed a deep elf master archer
 28921 | Elf:3    | Noticed a deep elf blademaster
 28931 | Elf:3    | Killed a deep elf blademaster
 28931 | Elf:3    | Received a gift from Okawaru
 28958 | Elf:3    | Noticed a deep elf blademaster
 28969 | Elf:3    | Killed a deep elf blademaster
 28979 | Elf:3    | Identified the +3 scale mail "Coscheleo" {rPois rF+ Str+7}
 28980 | Elf:3    | Identified the +5 bardiche "Xagepp" {flame, Str+3 Dex+6}
 28981 | Elf:3    | HP: 1/170 [deep elf annihilator/crystal spear (72)]
 28988 | Elf:3    | Killed from afar by a deep elf annihilator

Illustrated notes

Levels and vault maps discovered:
D:1:      dpeg_arrival_another_circle, layout_basic
D:2:      layout_basic
D:3:      layout_loops_ring, kennysheep_generic_room_11
D:4:      layout_basic
D:5:      lemuel_insect_pit, layout_cave_pools, minmay_temple_entry_offerings,
          serial_shops, shop, minivault_24
D:6:      layout_basic, chequers_temple_overflow_statue_of_worship, uniq_edmund,
          uniq_blork_the_orc, uniq_grinder
D:7:      layout_cave_pools, grunt_ministairs_7, minivault_11, minmay_circle_x,
          uniq_crazy_yiuf_cottage, uniq_pikel, uniq_duvessa
D:8:      layout_basic, trog_hazing_becter, uniq_maggie
D:9:      layout_roguey, dpeg_lair_monsters, grunt_ministairs_8, uniq_erica
D:10:     layout_roguey, minmay_evil_grid
D:11:     layout_loops_corners, special_room [special_room_bee], st_stairs_3,
          grunt_tough_drop, uniq_erolcha
D:12:     layout_irregular_city, orc_david_3, uniq_urug
D:13:     layout_loops_ring, enter_bailey_2, st_stairs_1,
          minmay_guarded_unrand_finisher
D:14:     minmay_connected_triangles_in_corner, layout_long_grid,
          grunt_vaults_entry_fortified, minmay_misc_feat_nine_boxes
D:15:     gammafunk_enter_depths_forms, layout_loops_ring, serial_bayou_ford_a,
          lemuel_mausoleum_altar_yredelemnul
Temple:   dpeg_five_rooms_temple
Lair:1:   layout_small_grid, lemuel_fruit_tree, lemuel_fruit_fields, uniq_harold
Lair:2:   layout_small_grid
Lair:3:   layout_regular_city, dummy_spider_entry, forest_entry_grove
Lair:4:   layout_layer_cave, elwin_shoals_entry_rocks,
          chequers_serial_rivers_micro_a, minivault_26, beast_lair_carwin_7,
          serial_bayou_shore_b, grunt_megastairs_1
Lair:5:   layout_layer_cave, portal_ice_cave_entry_ice_beasts, pf_torpor_hydra,
          serial_bayou_shore_a, infiniplex_staircase_pool
Lair:6:   cheibrodos_lair_end_hotspot, layout_hall_layers, slime_altar_1,
          minmay_lair_oklob_chamber
Orc:1:    layout_caves, uniq_fannar
Orc:2:    st_orc_ogre_mass, layout_caves
Elf:1:    elf_arrival_001, layout_rooms, serial_shops, nicolae_shop_crystal,
          basic_altar, kennysheep_underground_church,
          roderic_lattice_octagonal_star, minmay_shop_grove, uniq_azrael,
          uniq_louise
Elf:2:    layout_onion_city
Elf:3:    minmay_elf_hall_curves, layout_geoelf_castle,
          gammafunk_ghost_berserking_beasts, serial_shops, bzr_entry_lakeside,
          minivault_23

Skill      XL: |  1  2  3  4  5  6  7  8  9 10 11 12 13 14 15 16 17 |
---------------+----------------------------------------------------+-----
Unarmed Combat | 3 4 5 6 7 8 10 11 13 14 16 17 19 20 21 | 21.7
Shields        | 3 4 5 6 7 8 9 11 | 11.2
Invocations    | 1 3 5 6 9 11 12 13 | 13.8
Fighting       | 4 6 8 10 11 | 11.4
Dodging        | |  2.4

Action                   |  1- 3 |  4- 6 |  7- 9 | 10-12 | 13-15 | 16-18 || total
-------------------------+-------+-------+-------+-------+-------+-------++-------
Melee: Unarmed           |   117 |    85 |   289 |   667 |  1357 |   486 ||  3001
 Fire: Hunting sling     |       |       |       |       |    11 |       ||    11
Throw: Javelin           |       |       |       |     4 |    16 |     2 ||    22
Invok: Heroism           |       |       |     5 |    14 |    13 |     9 ||    41
       Finesse           |       |       |       |     3 |     1 |     2 ||     6
Evoke: Wand              |       |       |       |     3 |    28 |       ||    31
  Use: Scroll            |       |     2 |       |    25 |     4 |    11 ||    42
       Potion            |       |       |       |     1 |       |     3 ||     4
 Stab: Sleeping          |     3 |       |       |       |       |       ||     3
       Paralysed         |       |       |       |     4 |       |       ||     4
Armor: Robe              |    42 |    22 |    50 |       |       |       ||   114
       Troll leather arm |       |       |    17 |   124 |       |       ||   141
       Skin              |       |       |       |     9 |       |       ||     9
       Swamp dragon scal |       |       |       |     7 |   488 |   115 ||   610
Dodge: Dodged            |    39 |    20 |    69 |   162 |   362 |    59 ||   711
Block: Kite shield       |    58 |    41 |   126 |   297 |   629 |   172 ||  1323
       Tower shield      |       |       |       |       |       |    11 ||    11

Table legend: (Time is in decaauts)
 A = Elapsed time spent in this place.
 B = Non-inter-level travel time spent in this place.
 C = Inter-level travel time spent in this place.
 D = Time resting spent in this place.
 E = Time spent auto-exploring this place.
 F = Levels seen in this place.
 G = Mean time per level.
                   A        B        C        D        E       F      G
               +--------+--------+--------+--------+--------+-----+--------+
         Total |  28083 |  26308 |   1775 |   2618 |  17845 |  30 |  936.1 |
       Dungeon |  14409 |  13387 |   1022 |   1134 |   9187 |  15 |  960.6 |
        Temple |    123 |     73 |     50 |      0 |     65 |   1 |  123.0 |
          Lair |   7091 |   6676 |    415 |    466 |   5095 |   6 | 1181.8 |
  Orcish Mines |   1783 |   1611 |    172 |    199 |   1028 |   2 |  891.5 |
   Elven Halls |   3520 |   3406 |    114 |    763 |   1811 |   3 | 1173.3 |
        Bazaar |    219 |    219 |      0 |      0 |     80 |   1 |  219.0 |
        Bailey |     12 |     12 |      0 |      0 |      0 |   1 |   12.0 |
      Ice Cave |    924 |    924 |      0 |     56 |    579 |   1 |  924.0 |
               +--------+--------+--------+--------+--------+-----+--------+

Top non-repeatable levels by time:
  Lair:6: 1649 daAuts
   Elf:3: 1575 daAuts
  Lair:5: 1573 daAuts
    D:13: 1306 daAuts
  Lair:4: 1272 daAuts
    D:11: 1219 daAuts
   Orc:2: 1183 daAuts
    D:14: 1172 daAuts
     D:9: 1125 daAuts
    D:12: 1125 daAuts
     D:8: 1110 daAuts
    D:15: 1083 daAuts
   Elf:1: 1049 daAuts
     D:6: 1047 daAuts
    D:10: 1045 daAuts
